 Dungeon Crawl Stone Soup version 0.31-a0-949-g57150269e1 (webtiles) character file.

Game seed: 14068208907237117350

35 Newt the Shooter (level 3, -3/24 HPs)
             Began as a Kobold Hunter on Oct 22, 2023.
             Slain by Sigmund
             ... wielding a +6 scythe of protection
              (9 damage)
             ... on level 2 of the Dungeon.
             The game lasted 00:01:30 (828 turns).

Newt the Shooter (Kobold Hunter)                     Turns: 828, Time: 00:01:30

Health: -3/24      AC:  6    Str:  8    XL:     3   Next: 52%
Magic:  3/3        EV: 14    Int: 10    God:
Gold:   27         SH:  0    Dex: 20    Spells: 2/2 levels left

rFire   . . .        a - +0 shortbow
rCold   . . .        (shield currently unavailable)
rNeg    . . .        c - +0 leather armour
rPois   .            d - +2 helmet
rElec   .            (no cloak)
rCorr   .            (no gloves)
SInv    .            (no boots)
Will    .....        (no amulet)
Stlth   +++          (no ring)
HPRegen 0.24/turn    (no ring)
MPRegen 0.08/turn

%: no passive effects
@: no status effects
A: small, no large weapons, nightstalker 3
a: no special abilities


You were on level 2 of the Dungeon.
You visited 1 branch of the dungeon, and saw 2 of its levels.

You collected 27 gold pieces.

Inventory:

Hand Weapons
 a - a +0 shortbow (weapon)
Armour
 c - a +0 leather armour (worn)
 d - a +2 helmet (worn)
Scrolls
 b - a scroll of butterflies
 e - a scroll of identify
 f - a scroll of vulnerability


   Skills:
 + Level 4.0 Fighting
 - Level 5.3 Ranged Weapons
 - Level 2.4 Dodging
 - Level 1.3 Stealth


You had 2 spell levels left.
You didn't know any spells.
Your spell library was empty.

Dungeon Overview and Level Annotations

Branches:
Dungeon (2/15)

Altars:

Annotations:
D:2 Sigmund


Innate Abilities, Weirdness & Mutations

You are small and have problems with some larger weapons.
You are completely attuned to the shadows.


Message History

Sigmund the Dreaded comes into view.
He is wielding a +6 scythe of protection.
Sigmund gestures at you while chanting.
You are confused.
Sigmund is nearby!
Sigmund is nearby!
You are too confused!
You are too confused!
You are too confused!
You are too confused!
You bump into the rock wall.
Sigmund hits you with a +6 scythe of protection.
Sigmund barely misses you. Sigmund barely misses you.
You feel less confused. Sigmund casts a spell at you. The magic dart hits you.
You shoot an arrow. The arrow hits Sigmund.
Sigmund is lightly wounded.
Sigmund barely misses you.
You shoot an arrow. The arrow barely misses Sigmund.
Sigmund completely misses you.
You shoot an arrow. The arrow barely misses Sigmund.
You shoot an arrow. The arrow closely misses Sigmund.
Sigmund misses you.
You shoot an arrow.
The arrow hits Sigmund but does no damage.
Sigmund is lightly wounded.
Sigmund hits you but does no damage.
You shoot an arrow. The arrow barely misses Sigmund.
Sigmund hits you with a +6 scythe of protection!
Ouch! That really hurt!
* * * LOW HITPOINT WARNING * * *
You are too injured to fight recklessly!
You aren't carrying any potions.
Okay, then.
You shoot an arrow.
The arrow hits Sigmund but does no damage.
Sigmund is lightly wounded.
Sigmund hits you with a +6 scythe of protection!
You die...
Sigmund begins carving another notch in his scythe.

.........#
.........#
.........#
.........#
.........##+#
####'##.....#
#.##...†.#
#.#>.....# ###
####@##....## #<#
...@.##.....###.###.
#########.......<...
###..##.....
##.##..... #+##.....
.[....


You could see Sigmund.

Vanquished Creatures
  An adder (D:2)
  3 ball pythons (D:1)
  A bat (D:1)
  5 endoplasms (D:1)
  A giant cockroach (D:1)
  2 goblins (D:1)
  4 hobgoblins (D:1)
  A kobold (D:1)
  A quokka (D:1)
  A frilled lizard (D:1)
  2 rats (D:1)
22 creatures vanquished.

Notes
Turn   | Place    | Note
-------+----------+-------------------------------------------
     0 | D:1      | Newt the Kobold Hunter began the quest for the Orb.
     0 | D:1      | Reached XP level 1. HP: 12/12 MP: 1/1
   106 | D:1      | Reached XP level 2. HP: 18/18 MP: 2/2
   260 | D:1      | Reached XP level 3. HP: 5/23 MP: 3/3
   262 | D:1      | HP: 1/23 [hobgoblin (2)]
   814 | D:2      | Noticed Sigmund
   828 | D:2      | Slain by Sigmund

Illustrated notes

Levels and vault maps discovered:
D:1:      orjb1_lava_funnel, layout_rooms, serial_forest,
          infiniplex_forest_zigzag_1, infiniplex_forest_side_room,
          infiniplex_forest_straight_4, infiniplex_forest_zigzag_1,
          infiniplex_forest_straight_2, infiniplex_forest_end_double,
          infiniplex_forest_lined_2
D:2:      layout_basic, chequers_jeans, minmay_randomly_rotated_circles,
          uniq_sigmund

Skill      XL: |  1  2  3 |
---------------+----------+-----
Fighting       | 3 4 |  4.0
Ranged Weapons | |  5.3
Dodging        | |  2.4
Stealth        | |  1.3

Action                     || total
---------------------------++-------
   Fire: Shortbow          ||    70
    Use: Scroll            ||     1
 Armour: Leather armour    ||    34
  Dodge: Dodged            ||    32

Table legend: (Time is in decaauts)
 A = Elapsed time spent in this place.
 B = Non-inter-level travel time spent in this place.
 C = Inter-level travel time spent in this place.
 D = Time resting spent in this place.
 E = Time spent auto-exploring this place.
 F = Levels seen in this place.
 G = Mean time per level.
                   A        B        C        D        E       F      G
               +--------+--------+--------+--------+--------+-----+--------+
         Total |    840 |    784 |     56 |     95 |    557 |   2 |  420.0 |
       Dungeon |    840 |    784 |     56 |     95 |    557 |   2 |  420.0 |
               +--------+--------+--------+--------+--------+-----+--------+

Top non-repeatable levels by time:
     D:1: 794 daAuts
     D:2: 46 daAuts
